 Dungeon Crawl Stone Soup version 0.22-a0-117-g314b907 (webtiles) character file.

45 sankara the Slasher (level 3, -1/42 HPs)
             Began as a Vampire Berserker on Jan 30, 2018.
             Was a Follower of Trog.
             Slain by a gnoll
             ... wielding a +0 spear of piercing
              (5 damage)
             ... on level 2 of the Dungeon.
             The game lasted 00:05:09 (1566 turns).

sankara the Slasher (Vampire Berserker)             Turns: 1566, Time: 00:05:10

Health: -1/42      AC:  2    Str: 21    XL:     3   Next: 42%
Magic:  3/3        EV: 12    Int:  9    God:    Trog [*.....]
Gold:   158        SH:  0    Dex: 14    Spells: 2/2 levels left

rFire    . . .     SeeInvis +   a - +0 falchion
rCold    + . .     Gourm    .   (no shield)
rNeg     + + .     Faith    .   b - +0 animal skin
rPois    +         Spirit   .   (no helmet)
rElec    .         Reflect  .   (no cloak)
rCorr    .         Harm     .   (no gloves)
MR       .....                  (no boots)
Stlth    ..........             (no amulet)
HPRegen  0.07/turn              (no ring)
MPRegen  0.08/turn              (no ring)

@: berserking, regenerating slowly, very quick
A: fangs 3, see invisible, unbreathing
a: Bat Form, Berserk, Burn Spellbooks, Renounce Religion


You were on level 2 of the Dungeon.
You worshipped Trog.
Trog was aware of your devotion.
You were very thirsty.

You visited 1 branch of the dungeon, and saw 2 of its levels.

You collected 158 gold pieces.

Inventory:

Hand Weapons
 a - a +0 falchion (weapon)
 c - a +0 short sword
Missiles
 e - 6 needles of frenzy
Armour
 b - a +0 animal skin (worn)
Scrolls
 g - 2 scrolls of identify {unknown}
 h - a scroll of noise {unknown}
 i - a scroll of amnesia {unknown}
Potions
 d - 6 potions of blood
 f - a potion of lignification {unknown}
 j - a potion of curing {unknown}


   Skills:
 - Level 2.6 Fighting
 + Level 3.5 Long Blades
 + Level 1.2 Throwing
 - Level 1.5 Armour
 - Level 2.1 Dodging
 + Level 2.8 Stealth


You had 2 spell levels left.
You didn't know any spells.

Dungeon Overview and Level Annotations

Branches:
Dungeon (1/15)

Altars:


Innate Abilities, Weirdness & Mutations

You heal slowly.
You have razor-sharp teeth.
You have supernaturally acute eyesight. (SInv)
You can survive without breathing.


Message History

The gnoll hits you with a spear!
* * * LOW HITPOINT WARNING * * *
You cannot raise a blood rage in your lifeless body.
Yummy - fresh blood!
You are feeling thirsty.
The gnoll closely misses you.
You riposte.
You closely miss the gnoll.
The gnoll is severely wounded.
Yummy - fresh blood!
The gnoll hits you with a spear.
* * * LOW HITPOINT WARNING * * *
A red film seems to cover your vision as you go berserk!
You feel yourself moving faster!
You feel mighty!
You are feeling very thirsty.
The gnoll closely misses you.
You riposte.
You hit the gnoll.
The gnoll is almost dead.
The gnoll hits you but does no damage.
You slash the gnoll!
You kill the gnoll!
Trog accepts your kill.
The gnoll hits you from afar with a spear of piercing.
You die...

..... .g.g ######
##..#.###.(# g
#.....##...#......# ..
#.>...##.###..#.###..#
#.....##......#.....
#.....##..#.###.!#
#.......g.#......#
#.###.#)###..#.### #
#.@......#....
#.###....#.###...#
#........#.....###
####...###..#.##
..............#
#.###.#.##.#### .
###.#.##.# #.....##.#
## #.#.####.#


You could see a gnoll.

Vanquished Creatures
  2 gnolls
  2 dart slugs (D:1)
  4 goblins (D:1)
  3 hobgoblins (D:1)
  2 kobolds (D:1)
  A quokka (D:2)
  6 bats (D:1)
  A frilled lizard (D:2)
  3 rats (D:1)
24 creatures vanquished.

Notes
Turn   | Place    | Note
-------+----------+-------------------------------------------
     0 | D:1      | sankara the Vampire Berserker began the quest for the Orb.
     0 | D:1      | Reached XP level 1. HP: 17/17 MP: 1/1
   291 | D:1      | Reached skill level 1 in Stealth
   373 | D:1      | Reached XP level 2. HP: 15/23 MP: 2/2
   802 | D:1      | Reached skill level 1 in Throwing
  1027 | D:1      | Reached XP level 3. HP: 20/28 MP: 3/3
  1441 | D:1      | You fall through a shaft!
  1566 | D:2      | Slain by a gnoll

Vault maps used:
D:1:      zaba_arrival_water, dk_noncrumbling_2, palyth_stone_intersect,
          serial_park_tiny_2
D:2:      hangedman_decor_points, elyvilon_altar_4

Skill      XL: |  1  2 |
---------------+-------+-----
Stealth        | 1 2 |  2.8
Throwing       | 1 |  1.2
Fighting       | |  2.6
Long Blades    | |  3.5
Armour         | |  1.5
Dodging        | |  2.1

Action                   || total
-------------------------++-------
Melee: Falchion          ||    61
       Bite              ||     4
Invok: Berserk           ||     2
  Use: Potion            ||     2
 Stab: Sleeping          ||     5
Armor: Animal skin       ||    12
Dodge: Dodged            ||    35
       Rpst.: Falchion   ||    10

Table legend:
 A = Spawn XP
 B = Non-spawn XP
 C = Spawn XP percentage of total XP
 D = Spawn monster count
 E = Non-spawn monster count
 F = Spawn count percentage of total count
 G = Total turns spent on level
                    A         B        C        D         E        F      G
               +---------+---------+-------+---------+---------+-------+---------
         Total |       0 |      65 |   0.0 |       0 |      24 |   0.0 |  1566
               +---------+---------+-------+---------+---------+-------+---------
           D:1 |       0 |      47 |   0.0 |       0 |      21 |   0.0 |  1441
           D:2 |       0 |      18 |   0.0 |       0 |       3 |   0.0 |   125
               +---------+---------+-------+---------+---------+-------+---------
